 Dungeon Crawl Stone Soup version 0.27.1-33-g824d729ab1 (webtiles) character file.

Game seed: 18069441474028232576

8413 sking99 the Zephyrmancer (level 11, -3/62 (64) HPs)
             Began as a Kobold Venom Mage on Dec 8, 2021.
             Was a Priest of Sif Muna.
             Slain by an eight-headed hydra (13 damage)
             ... on level 1 of the Lair of Beasts.
             The game lasted 00:51:11 (20076 turns).

sking99 the Zephyrmancer (Kobold Venom Mage)       Turns: 20076, Time: 00:51:12

HP:   -3/62 (64)    AC:  7    Str:  8    XL:     11   Next: 55%
MP:   18/18         EV: 17    Int: 18    God:    Sif Muna [***...]
Gold: 246           SH:  0    Dex: 15    Spells: 1/19 levels left

rFire    + . .     SeeInvis +   g - +2 dagger (elec)
rCold    . . .     Faith    .   (shield restricted)
rNeg     . . .     Spirit   .   C - +0 troll leather armour
rPois    .         Reflect  .   b - +0 helmet
rElec    .         Harm     .   (no cloak)
rCorr    .         Rampage  .   (no gloves)
Will     .....                  c - +1 pair of boots
Stlth    +++.......             (no amulet)
HPRegen  1.20/turn              i - ring of protection from fire
MPRegen  0.16/turn              m - ring of see invisible

@: lightly drained
A: small, no large weapons, nightstalker 3
a: Renounce Religion, Channel Magic, Forget Spell


You were on level 1 of the Lair of Beasts.
You worshipped Sif Muna.
Sif Muna was most pleased with you.
You visited 3 branches of the dungeon, and saw 13 of its levels.
You also visited: Ossuary.

You collected 510 gold pieces.
You spent 264 gold pieces at shops.

Inventory:

Hand Weapons
 g - a +2 dagger of electrocution (weapon)
Missiles
 y - a throwing net
Armour
 b - a +0 helmet (worn)
 c - a +1 pair of boots (worn)
 j - a +0 leather armour of fire resistance
 t - a +1 leather armour of poison resistance
 C - a +0 troll leather armour (worn)
 E - a +1 kite shield of fire resistance
Magical Staves
 o - a staff of cold
Jewellery
 i - a ring of protection from fire (left hand)
 m - a ring of see invisible (right hand)
Wands
 q - a wand of digging (10)
 D - a wand of charming (5)
Scrolls
 d - 3 scrolls of enchant weapon
 e - 2 scrolls of fear
 l - 2 scrolls of silence
 n - a scroll of teleportation
 p - 3 scrolls of fog
 r - 3 scrolls of identify
 u - 2 scrolls of holy word
 w - 2 scrolls of enchant armour
Potions
 a - a potion of mutation
 f - 4 potions of flight
 h - 5 potions of attraction
 k - a potion of curing
 s - a potion of might
 v - a potion of resistance
 z - a potion of berserk rage
 B - 4 potions of heal wounds
Miscellaneous
 x - a piece from Xom's chessboard (15/15)
 A - a lightning rod (4/4)
 F - a condenser vane


   Skills:
 - Level 6.0 Fighting
 - Level 7.6 Short Blades
 - Level 7.9 Dodging
 - Level 2.6 Stealth
 * Level 1.3 Shields
 + Level 4.9 Spellcasting
 - Level 4.0 Conjurations
 - Level 2.0 Transmutations
 + Level 8.4 Air Magic
 - Level 8.0 Poison Magic
 - Level 5.0 Invocations


You had one spell level left.
You knew the following spells:

 Your Spells              Type           Power      Damage    Failure   Level
a - Airstrike             Air            17%        N/A       6%          4
b - Poisonous Vapours     Pois/Air       68%        N/A       1%          2
c - Mephitic Cloud        Conj/Pois/Air  28%        N/A       3%          3
d - Olgreb's Toxic Radia  Pois           33%        N/A       8%          4
e - Ignite Poison         Fire/Tmut/Pois 16%        N/A       16%         3
f - Shock                 Conj/Air       100%       1d9       1%          1
g - Sting                 Tmut/Pois      88%        1d7       2%          1

Your spell library contained the following spells:

 Spells                   Type           Power      Damage    Failure   Level
 Swiftness                Air            34%        N/A       1%          3
 Conjure Flame            Conj/Fire      11%        6-21      26%         3
 Sticky Flame             Conj/Fire      11%        2d3       65%         4


Dungeon Overview and Level Annotations

Branches:
Dungeon (11/15)            Temple (1/1) D:4            Lair (1/6) D:8
Ossuary (visited)
    Orc: D:9-12

Altars:
Ashenzari
Cheibriados
Dithmenos
Elyvilon
Fedhas
Gozag
Hepliaklqana
Kikubaaqudgha
Makhleb
Nemelex Xobeh
Okawaru
Qazlal
Ru
Sif Muna
Trog
Uskayaw
Vehumet
Wu Jian
Xom
Yredelemnul
Zin
The Shining One

Shops:
D:1 =[:   D:7 :

Annotations:
D:10 1 runed translucent door, gpo23's ghost, journeyman MiBe


Innate Abilities, Weirdness & Mutations

You are small and have problems with some larger weapons.
You are completely attuned to the shadows.


Message History

The wight is lightly damaged.
The wight closely misses you.
You hit the wight.
The wight is moderately damaged.
You hit the wight but do no damage. Lightning courses through the wight!
The wight is almost destroyed.
The wight closely misses you.
You completely miss the wight.
The wight is almost destroyed.
The wight barely misses you.
You hit the wight but do no damage. Lightning courses through the wight!
You destroy the wight!
Sif Muna accepts your kill.
You now have 246 gold pieces (gained 5).
Things that are here:
a +0 halberd; a +0 robe
There is a staircase to the Lair here.
You start resting.
Magic restored.
You climb downwards.
Welcome back to the Lair of Beasts!
The eight-headed hydra bites you but does no damage.
The eight-headed hydra bites you!
The eight-headed hydra closely misses you.
The eight-headed hydra bites you but does no damage.
The eight-headed hydra bites you!
The eight-headed hydra barely misses you.
The eight-headed hydra closely misses you.
The eight-headed hydra bites you but does no damage.
The blink frog barely misses you. The eight-headed hydra bites you!
The eight-headed hydra completely misses you.
The eight-headed hydra bites you but does no damage.
The eight-headed hydra bites you!
The eight-headed hydra completely misses you.
The eight-headed hydra misses you.
The eight-headed hydra barely misses you. x2
There is a staircase back to the Dungeon, spattered with blood here.
The blink frog hits you.
The blink frog blinks!
The blink frog hits you!
* * * LOW HITPOINT WARNING * * *
The eight-headed hydra bites you!
You die...

......#.......#...##
.....##......+.....#
.....#.......P#...##
......#########...#
.....########P..[.#
..................###
.....................
......F........§D....
...§.......§...F@....
§..........[.........
##.................##
...................#
.#.....#.##.##.....#
.#.....#######.....#
.+.....##....+.....#
.#.....'....#P......
.#.....######......#


You could see an eight-headed hydra and a blink frog.

Vanquished Creatures
  A cyclops (D:9)
  2 kobold demonologists (D:10)
  A troll (D:9)
  A hornet (D:10)
  2 blink frogs
  A meliai zombie (D:10)
  A wraith (Ossuary)
  A shadow (D:10)
  A wyvern (D:8)
  11 yaks
  2 vampire mosquitoes (D:7)
  A steam dragon (D:4)
  A water moccasin (D:6)
  2 orc warriors (D:8)
  A necrophage (D:7)
  An ice beast (D:8)
  2 black bears (D:8)
  An ogre (D:4)
  4 centaurs
  2 bullfrogs
  A kobold brigand (D:10)
  A gnoll sergeant (D:10)
  Blork the orc (D:4)
  2 scorpions
  10 killer bees
  21 wights
  2 howler monkeys
  A centaur zombie (D:6)
  A bullfrog zombie (D:7)
  A jelly (D:4)
  3 hounds
  A gnoll shaman (D:8)
  3 orc priests
  2 centaur skeletons
  2 iguanas (D:6)
  17 orc wizards
  A killer bee zombie (D:6)
  A hound skeleton (D:4)
  A mummy (Ossuary)
  Robin (D:2)
  13 gnolls
  4 adders
  A river rat (D:5)
  A white imp (D:7)
  An adder skeleton (D:4)
  2 worms
  2 dart slugs
  35 orcs
  3 bats
  4 endoplasms
  3 giant cockroaches
  14 goblins
  12 hobgoblins
  11 kobolds
  2 quokkas
  A ball python (D:4)
  A frilled lizard (D:1)
  6 gnoll skeletons (Ossuary)
  4 kobold skeletons (Ossuary)
  15 orc skeletons (Ossuary)
  10 rats
257 creatures vanquished.

Vanquished Creatures (others)
  Sigmund (D:4)
  3 fungi (D:8)
  7 plants
11 creatures vanquished.

Grand Total: 268 creatures vanquished

Notes
Turn   | Place    | Note
-------+----------+-------------------------------------------
     0 | D:1      | sking99 the Kobold Venom Mage began the quest for the Orb.
     0 | D:1      | Reached XP level 1. HP: 10/10 MP: 3/3
   176 | D:1      | Found Ymi Olagabe's Jewellery Shoppe.
   499 | D:1      | Found a faded altar of an unknown god.
   512 | D:1      | Reached XP level 2. HP: 15/15 MP: 1/5
   927 | D:1      | Found Vaqenuor's Book Emporium.
  1128 | D:1      | Learned a level 2 spell: Poisonous Vapours
  1138 | D:1      | Found Maviyny's Armour Emporium.
  1267 | D:2      | Reached XP level 3. HP: 9/19 MP: 2/6
  2367 | D:2      | Learned a level 3 spell: Mephitic Cloud
  2420 | D:2      | Noticed Robin
  2431 | D:2      | Killed Robin
  2432 | D:2      | Reached XP level 4. HP: 24/24 MP: 1/8
  3454 | D:3      | Reached skill level 1 in Air Magic
  3656 | D:3      | Reached XP level 5. HP: 25/28 MP: 1/9
  3744 | D:3      | Reached skill level 1 in Conjurations
  5043 | D:4      | Noticed Blork the orc
  5054 | D:4      | Killed Blork the orc
  5055 | D:4      | Reached XP level 6. HP: 30/33 MP: 0/10
  5297 | D:4      | You fall into a shaft and drop 3 floors!
  5339 | D:7      | Reached skill level 1 in Fighting
  5609 | D:7      | Found Ickuss's Book Shop.
  5696 | D:7      | Reached skill level 5 in Poison Magic
  6484 | D:5      | Entered Level 5 of the Dungeon
  6520 | D:5      | Reached XP level 7. HP: 39/39 MP: 9/11
  6755 | D:5      | Found a sand-covered staircase.
  6761 | Ossuary  | Entered an ossuary
  6784 | Ossuary  | Noticed a wraith
  6793 | Ossuary  | Noticed a wraith
  6795 | Ossuary  | Noticed a wraith
  6903 | Ossuary  | Noticed a wraith
  6984 | Ossuary  | Reached skill level 1 in Short Blades
  7045 | Ossuary  | Killed a wraith
  8061 | D:5      | Found a snail-covered altar of Cheibriados.
  8265 | D:4      | Noticed Sigmund
  8270 | D:4      | Noticed a steam dragon
  8295 | D:4      | Killed Sigmund
  8296 | D:4      | Reached XP level 8. HP: 21/46 MP: 1/12
  8824 | D:4      | Found a staircase to the Ecumenical Temple.
  8831 | Temple   | Entered the Ecumenical Temple
  9274 | Temple   | Became a worshipper of Sif Muna the Loreminder
 10497 | D:6      | Reached skill level 5 in Short Blades
 10900 | D:6      | Reached skill level 5 in Fighting
 10905 | D:6      | Learned a level 4 spell: Olgreb's Toxic Radiance
 10912 | D:6      | Reached XP level 9. HP: 54/54 MP: 0/13
 11905 | D:7      | Reached skill level 1 in Invocations
 12522 | D:1      | Bought a book of Air for 264 gold pieces
 12524 | D:1      | Learned a level 1 spell: Shock
 12772 | D:8      | Reached * piety under Sif Muna
 13585 | D:8      | Reached skill level 5 in Air Magic
 13704 | D:8      | Found a staircase to the Lair.
 13784 | D:8      | Reached XP level 10. HP: 53/58 MP: 9/14
 14546 | D:8      | Reached skill level 5 in Dodging
 14752 | D:7      | Reached ** piety under Sif Muna
 17234 | D:9      | Reached skill level 5 in Invocations
 17374 | D:9      | Noticed a cyclops
 17400 | D:9      | Killed a cyclops
 17460 | D:9      | Reached XP level 11. HP: 64/64 MP: 9/15
 17534 | D:9      | Reached *** piety under Sif Muna
 17693 | D:10     | Entered Level 10 of the Dungeon
 17821 | D:10     | Learned a level 4 spell: Airstrike
 18353 | D:10     | Learned a level 3 spell: Ignite Poison
 18481 | D:10     | Found a runed translucent door.
 18481 | D:10     | Found a shimmering altar of Xom.
 18481 | D:10     | Noticed gpo23's ghost (journeyman MiBe)
 18482 | D:10     | Noticed a +2 rapier of chaos
 18826 | D:10     | Noticed a sixfirhy
 19820 | Lair:1   | Entered Level 1 of the Lair of Beasts
 19896 | Lair:1   | Noticed an eight-headed hydra
 19921 | D:8      | Reached skill level 1 in Shields
 20076 | Lair:1   | Slain by an eight-headed hydra

Illustrated notes

Levels and vault maps discovered:
D:1:      mainiacjoe_arrival_reflecting_pool, layout_loops_cross, serial_shops,
          shop, shop, nicolae_square_shop, dilly_ecumenical_altar_fadedgnrine,
          minmay_hexomino_f4
D:2:      layout_basic, uniq_robin
D:3:      layout_rooms
D:4:      minmay_angry_zag, layout_loops_corners, temple_fountains,
          uniq_blork_the_orc, uniq_sigmund
D:5:      layout_basic, cheibrodos_worm_habitat, gup_sewer_entry_bubbles,
          nicolae_ossuary_entry_monument, hex_medium, minmay_misc_feat_room,
          kennysheep_decorative_pillar, skrybe_limestone_x
D:6:      layout_basic
D:7:      layout_basic, serial_shops, shop_coins, hellmonk_bongcloud_opening
D:8:      layout_gridville, david_lair_generic, hangedman_decor_growths,
          minmay_misc_feat_tiny
D:9:      layout_basic, mumra_transporter_accident
D:10:     layout_roguey, ebering_ghost_xom
D:11:     layout_roguey, hiddenorc1_lemuel
Temple:   roderic_octagonal_lattice_temple
Lair:1:   layout_regular_city, lemuel_fruit_tree

Skill      XL: |  1  2  3  4  5  6  7  8  9 10 11 |
---------------+----------------------------------+-----
Transmutations | 2 |  2.0
Air Magic      | 1 2 3 4 5 6 8 |  8.4
Poison Magic   | 4 5 6 8 |  8.0
Conjurations   | 1 2 3 4 |  4.0
Spellcasting   | 3 4 |  4.9
Fighting       | 1 3 5 6 |  6.0
Short Blades   | 3 5 7 |  7.6
Invocations    | 3 5 |  5.0
Dodging        | 4 7 |  7.9
Shields        | 1 |  1.3
Stealth        | |  2.6

Action                   |  1- 3 |  4- 6 |  7- 9 | 10-12 || total
-------------------------+-------+-------+-------+-------++-------
Melee: Unarmed           |     3 |       |       |       ||     3
       Dagger            |     3 |    56 |   230 |   207 ||   496
 Cast: Sting             |    49 |    23 |    14 |       ||    86
       Poisonous Vapours |     4 |    77 |   125 |   113 ||   319
       Mephitic Cloud    |       |       |     5 |       ||     5
       Shock             |       |       |     6 |    24 ||    30
       Olgreb's Toxic Ra |       |       |     2 |    14 ||    16
       Airstrike         |       |       |       |    14 ||    14
  Use: Scroll            |       |     9 |    10 |     5 ||    24
       Potion            |       |       |     3 |       ||     3
 Stab: Sleeping          |       |     2 |    15 |       ||    17
       Invisible         |       |       |     2 |       ||     2
       Distracted        |       |       |       |     2 ||     2
Armor: Robe              |     3 |    11 |       |       ||    14
       Leather armour    |       |       |    77 |    14 ||    91
       Skin              |       |       |     2 |       ||     2
       Troll leather arm |       |       |       |    26 ||    26
Dodge: Dodged            |    15 |    74 |   218 |   182 ||   489
